 Dungeon Crawl Stone Soup version 0.28.0-53-g5a82cb258f (webtiles) character file.

Game seed: 13685211142977667893

111351 miket3c the Executioner (level 16, -2/151 HPs)
             Began as a Minotaur Fighter on July 31, 2022.
             Was the Champion of Okawaru.
             Slain by a water elemental (10 damage)
             ... on level 2 of the Shoals.
             The game lasted 00:43:47 (29926 turns).

miket3c the Executioner (Minotaur Fighter)         Turns: 29926, Time: 00:43:47

Health: -2/151     AC: 31    Str: 33    XL:     16   Next: 9%
Magic:  22/22      EV:  6    Int: 10    God:    Okawaru [******]
Gold:   1707       SH: 19    Dex: 12    Spells: 15/15 levels left

rFire   . . .      SeeInvis .   R - +4 broad axe (elec)
rCold   . . .      Faith    .   U - +1 kite shield
rNeg    . . .      Spirit   .   g - +1 crystal plate armour of the Doomed Wumpus {Int+3}
rPois   .          Reflect  +   G - +0 hat {Stlth+}
rElec   .          Harm     .   w - +1 cloak "Konihy" {MP+9}
rCorr   +          Rampage  .   s - +2 pair of gloves {hurl}
Will    .....                   (no boots)
Stlth   ..........              X - amulet of Zepero {Reflect Int+2 SH+5}
HPRegen 0.35/turn               f - +6 ring of strength
MPRegen 0.18/turn               t - ring of resist corrosion

@: weak-willed, very slow
A: horns 2, retaliatory headbutt, low MP 1
a: Renounce Religion, Heroism, Finesse, Duel


You were on level 2 of the Shoals.
You worshipped Okawaru.
Okawaru was exalted by your worship.
You visited 5 branches of the dungeon, and saw 26 of its levels.
You visited the Abyss 2 times.
You also visited: Ossuary.

You collected 2202 gold pieces.
You spent 495 gold pieces at shops.

Inventory:

Hand Weapons
 a - a +4 war axe of flaming
 O - a +0 executioner's axe of flaming
 R - a +4 broad axe of electrocution (weapon)
Missiles
 l - 40 boomerangs
 v - 3 datura-tipped darts
 x - 12 javelins
 A - 12 poisoned darts
 D - 4 throwing nets (quivered)
Armour
 g - the +1 crystal plate armour of the Doomed Wumpus (worn) {Int+3}
   (You acquired it on level 4 of the Dungeon)

   Int:       It affects your intelligence (+3).
 s - a +2 pair of gloves of hurling (worn)
 w - the +1 cloak "Konihy" (worn) {MP+9}
   (You found it on level 1 of the Shoals)

   MP:        It affects your magic capacity (+9).
 G - a +0 hat of stealth (worn)
 U - a +1 kite shield (worn)
Jewellery
 f - a +6 ring of strength (left hand)
 n - a ring of positive energy
 t - a ring of resist corrosion (right hand)
 y - a ring of poison resistance
 C - a +6 ring of dexterity
 E - a ring of flight
 I - an amulet of reflection
 K - a +6 ring of intelligence
 P - an amulet of guardian spirit
 S - a ring of positive energy
 V - a +4 ring of protection
 W - a ring of willpower
 X - the amulet of Zepero (around neck) {Reflect Int+2 SH+5}
   (You took it off Grum on level 10 of the Dungeon)

   [amulet of reflection]

   It reflects blocked missile attacks.
   Int:       It affects your intelligence (+2).
   SH:        It affects your SH (+5).
 Z - a ring of protection from fire
Wands
 u - a wand of iceblast (12)
 M - a wand of flame (14)
 Y - a wand of digging (13)
Scrolls
 c - a scroll of fog
 h - 2 scrolls of teleportation
 k - a scroll of blinking
 r - 3 scrolls of immolation
 F - 7 scrolls of identify
 H - 4 scrolls of fear
 J - 2 scrolls of vulnerability
 L - 4 scrolls of amnesia
 Q - 2 scrolls of magic mapping
Potions
 b - 4 potions of lignification
 d - 4 potions of might
 e - 7 potions of flight
 i - 5 potions of mutation
 j - 4 potions of invisibility
 m - 5 potions of haste
 o - 2 potions of degeneration
 p - 4 potions of attraction
 q - 3 potions of ambrosia
 z - a potion of cancellation
 B - 6 potions of curing
 N - a potion of resistance
 T - 4 potions of brilliance


   Skills:
 + Level 16.1 Fighting
 * Level 21.7 Axes
 + Level 16.1 Armour
 + Level 16.0 Shields


You had 15 spell levels left.
You didn't know any spells.
Your spell library contained the following spells:

 Spells                   Type           Power      Damage    Failure   Level
 Shock                    Conj/Air       0%         1d3       100%        1
 Slow                     Hex            0%         N/A       100%        1
 Sting                    Tmut/Pois      0%         1d3       100%        1
 Corpse Rot               Necr/Air       0%         N/A       100%        2
 Ensorcelled Hibernation  Hex/Ice        0%         N/A       100%        2
 Poisonous Vapours        Pois/Air       0%         N/A       100%        2
 Confusing Touch          Hex            0%         N/A       100%        3
 Dazzling Flash           Conj/Hex       0%         N/A       100%        3
 Ozocubu's Armour         Ice            0%         N/A       100%        3
 Portal Projectile        Hex/Tloc       0%         N/A       100%        3
 Spider Form              Tmut/Pois      0%         N/A       100%        3
 Swiftness                Air            0%         N/A       100%        3
 Vampiric Draining        Necr           0%         2d6       100%        3
 Airstrike                Air            0%         N/A       100%        4
 Anguish                  Hex/Necr       0%         N/A       100%        4
 Iskenderun's Mystic Bla  Conj/Tloc      0%         2d3       100%        4
 Olgreb's Toxic Radiance  Pois           0%         N/A       100%        4
 Blade Hands              Tmut           0%         N/A       100%        5
 Excruciating Wounds      Necr           0%         N/A       100%        5
 Iron Shot                Conj/Erth      0%         9d1       100%        6
 Starburst                Conj/Fire      0%         6d3       100%        6
 Enfeeble                 Hex            0%         N/A       100%        7
 Ozocubu's Refrigeration  Ice            0%         4d5       100%        7
 Tukima's Dance           Hex            Unusable   N/A       N/A         3
 Animate Armour           Summ/Erth      Unusable   N/A       N/A         4

Dungeon Overview and Level Annotations

Branches:
Dungeon (15/15)            Temple (1/1) D:6            Lair (6/6) D:9
 Shoals (2/4) Lair:3       Spider (0/4) Lair:2        Slime (0/5) Lair:6
    Orc (2/2) D:9             Elf (0/3) Orc:2        Vaults (0/5) D:13
 Depths (0/4) D:15        Ossuary (visited)

Altars:
Ashenzari
Cheibriados
Dithmenos
Elyvilon
Kikubaaqudgha
Nemelex Xobeh
Okawaru
Beogh
Jiyva

Shops:
D:5 *(:   Orc:2 =[([:

Portals:
Trove: D:12 (give +3 fire dragon scales)

Annotations:
D:6 1 runed translucent door, Crazy Yiuf
D:12 2 transporters
Lair:3 2 transporters, COBRA's ghost, journeyman HOFi


Innate Abilities, Weirdness & Mutations

You have a pair of horns on your head.
You reflexively headbutt those who attack you in melee.
Your magical capacity is low. (-10% MP)


Message History

The merfolk impaler is almost dead.
You block the merfolk impaler's attack.
A faun comes into view. It is wielding a +0 club.
The merfolk impaler hits you but does no damage.
You closely miss the merfolk impaler. You headbutt the merfolk impaler!
You kill the merfolk impaler!
Okawaru accepts your kill.
The faun points at you and mumbles some strange words.
Your willpower is stripped away!
As you read the scroll of teleportation, it crumbles to dust.
You feel strangely unstable.
The faun unwields a +0 club.
The faun wields a +0 hunting sling.
The faun shoots a stone.
The stone hits you but does no damage.
A faun comes into view. It is wielding a +0 spear.
You feel like a meek peon again.
The faun shoots a stone.
You reflect the stone off an invisible shield around you!
The stone hits the faun!
The faun shoots a stone.
The stone hits you but does no damage.
Your surroundings suddenly seem different.
A water elemental and a merfolk come into view.
The merfolk shouts!
Okay, then.
Blink to where?
Press: ? - help, Dir - move target Splash!
You fall into the shallow water.
Moving in this stuff is going to be slow.
As you read the scroll of blinking, it crumbles to dust.
The water elemental hits you.
The water elemental engulfs you in water!
You slip free of the water engulfing you.
You gasp with relief as air once again reaches your lungs.
The water elemental hits you!
* * * LOW HITPOINT WARNING * * *
The water elemental engulfs you in water!
You slip free of the water engulfing you.
You gasp with relief as air once again reaches your lungs.
The water elemental hits you!
You die...

≈≈≈≈≈≈≈≈≈≈≈ ≈≈≈≈≈≈≈≈PPP≈≈<..#
≈≈≈.≈≈≈..≈≈≈≈≈≈≈≈≈≈≈≈≈≈≈≈≈≈≈≈≈...
≈≈≈≈≈≈≈≈....≈≈≈≈≈≈≈≈≈≈≈≈.≈≈≈≈....
≈≈≈≈.≈≈≈..≈.≈≈≈≈≈≈≈≈≈≈≈≈≈P≈≈≈..≈.
≈.....≈≈≈≈≈≈≈≈≈≈≈≈≈≈≈≈≈≈≈≈≈≈≈≈≈≈.
.≈≈≈...≈...≈.≈≈≈≈≈≈≈≈≈≈≈≈..≈.≈.##
.....≈≈≈......≈≈≈≈≈≈≈≈≈≈).≈≈...#.
≈.....≈....≈≈≈m≈≈≈≈≈≈≈≈)).).###..
≈.....≈..≈≈≈.≈≈E@≈≈≈≈≈≈≈≈≈≈.###..
##..≈≈.....≈≈≈≈≈≈≈≈≈≈≈≈≈..#.^≈
#.......≈≈≈≈≈≈≈≈≈≈≈≈≈≈≈≈....≈
#.≈.....≈≈≈≈≈≈≈≈≈≈≈≈≈.≈≈≈..≈≈
...≈≈..≈≈..≈≈≈≈≈≈≈≈≈≈...≈≈≈≈≈≈
..≈≈≈≈≈≈≈≈≈≈≈≈≈≈≈≈≈..###.≈≈≈≈≈
≈≈≈≈≈≈≈≈≈≈≈≈≈≈≈≈≈≈≈..# #.≈≈≈≈≈
≈≈≈≈≈≈≈≈≈≈≈≈≈≈≈≈≈≈≈..###.≈≈≈≈≈
≈≈≈≈≈..#..≈≈≈≈≈


You could see a merfolk and a water elemental.

Vanquished Creatures
  Rupert (Orc:1)
  3 tentacled starspawn
  Gastronok (Lair:2)
  An orc warlord (Orc:2)
  A frost giant (Lair:3)
  A very ugly thing (Abyss:1)
  The ghost of miket3c the Fencer, a journeyman HOFi of Okawaru (Lair:1)
  2 merfolk impalers
  Josephine (D:10)
  10 hydras
  8 vault guards (D:13)
  Harold (D:9)
  A merfolk avatar (Shoals:1)
  Erolcha (D:10)
  2 boulder beetles
  3 centaur warriors
  A death knight (D:15)
  Erica (D:8)
  2 tengu warriors (D:14)
  4 two-headed ogres
  A slime creature (D:14)
  12 death yaks
  Urug (Lair:5)
  4 thrashing horrors
  2 orc high priests (Orc:2)
  2 sun demons
  6 wretched stars
  3 sixfirhies
  3 skeletal warriors (D:15)
  A spatial maelstrom (Abyss:2)
  A flayed ghost (D:15)
  A spark wasp zombie (D:15)
  A glowing orange brain (Abyss:1)
  2 wizards
  A lindwurm (Lair:6)
  2 deep elf pyromancers
  2 orc sorcerers (Orc:2)
  2 orc knights (Orc:2)
  A necromancer (D:15)
  A tengu skeleton (D:15)
  9 ugly things
  A shining eye (Abyss:2)
  6 fauns
  A frost giant zombie (D:15)
  A worldbinder (Abyss:1)
  7 cyclopes
  5 manticores
  9 black mambas
  4 elephants (Lair:5)
  A fire giant skeleton (D:15)
  2 merfolk sirens (Shoals:2)
  A smoke demon (Abyss:1)
  Joseph (D:8)
  2 gargoyles
  10 cane toads
  Maggie (D:10)
  A rime drake (Lair:3)
  Psyche (D:8)
  2 kobold demonologists
  An efreet (D:15)
  A freezing wraith (D:15)
  9 komodo dragons
  3 ice devils
  3 unseen horrors
  2 ancient zymes
  A polar bear (shapeshifter) (D:14)
  11 polar bears
  9 merfolk
  A silent spectre (Abyss:2)
  3 wind drakes
  5 trolls
  6 hornets
  3 raiju (Abyss:2)
  A harpy skeleton (Abyss:1)
  14 blink frogs
  Grinder (D:5)
  9 snapping turtles
  7 dream sheep
  A centaur simulacrum (D:15)
  A vampire (D:12)
  2 jumping spiders (Lair:2)
  4 water elementals (D:15)
  Sigmund (D:4)
  7 wraiths
  15 spriggans (Lair:6)
  3 ynoxinuls
  12 small abominations
  61 yaks
  3 shadows
  6 basilisks
  A wyvern (shapeshifter) (D:15)
  5 chaos spawn
  3 wyverns
  9 large abominations
  A neqoxec (Abyss:1)
  Grum (D:10)
  4 fire bats (Abyss:1)
  8 vampire mosquitoes
  2 steam dragons (D:8)
  9 wargs
  Edmund (D:5)
  A spatial vortex (Abyss:2)
  14 water moccasins
  5 acid dragons
  An ice beast (D:5)
  23 orc warriors
  5 black bears
  4 boggarts (Lair:6)
  2 ogres (Orc:2)
  22 wolves
  7 centaurs
  A wyvern zombie (D:8)
  A gnoll sergeant (D:10)
  An earth elemental (Abyss:1)
  15 bullfrogs
  3 scorpions
  17 killer bees
  A water moccasin skeleton (D:6)
  4 electric eels
  7 howler monkeys
  A quasit (Abyss:1)
  7 starcursed masses (Abyss:2)
  6 centaur zombies
  2 jellies
  14 orc priests
  A centaur skeleton (D:7)
  2 iron imps
  A bullfrog skeleton (D:6)
  3 iguanas (D:6)
  26 orc wizards
  6 mummies (Ossuary)
  A hound skeleton (D:4)
  A howler monkey zombie (D:6)
  Robin (D:3)
  7 gnolls
  8 adders
  A shadow imp (Abyss:2)
  2 white imps
  5 ufetubi
  5 worms
  A dart slug (D:1)
  76 orcs
  5 ball pythons
  7 endoplasms
  2 giant cockroaches
  15 goblins
  8 hobgoblins
  8 jackals
  5 kobolds
  5 bats
  4 frilled lizards
  2 hobgoblin zombies (Ossuary)
  3 rats
  7 bushes (D:10)
  A lurking horror (Abyss:1)
  A starspawn tentacle (Abyss:2)
794 creatures vanquished.

Vanquished Creatures (others)
  3 orcs (D:5)
  4 bushes
  42 fungi
  A lurking horror (Abyss:1)
  72 plants
  5 starspawn tentacles
  8 withered plants (D:15)
135 creatures vanquished.

Grand Total: 929 creatures vanquished

Notes
Turn   | Place    | Note
-------+----------+-------------------------------------------
     0 | D:1      | miket3c the Minotaur Fighter began the quest for the Orb.
     0 | D:1      | Reached XP level 1. HP: 19/19 MP: 0/0
   215 | D:1      | Reached XP level 2. HP: 27/27 MP: 1/1
   363 | D:1      | Reached skill level 3 in Axes
   407 | D:1      | Found a faded altar of an unknown god.
  1138 | D:2      | Reached XP level 3. HP: 31/33 MP: 2/2
  1833 | D:3      | Reached XP level 4. HP: 40/40 MP: 3/3
  2132 | D:3      | Reached skill level 4 in Axes
  2154 | D:3      | Noticed Robin
  2168 | D:3      | Killed Robin
  2464 | D:3      | Reached XP level 5. HP: 21/47 MP: 4/4
  2997 | D:4      | Reached skill level 5 in Axes
  3133 | D:4      | Noticed Sigmund
  3138 | D:4      | Killed Sigmund
  3139 | D:4      | Reached skill level 5 in Fighting
  3139 | D:4      | Reached skill level 5 in Armour
  3139 | D:4      | Reached skill level 5 in Shields
  3139 | D:4      | Reached XP level 6. HP: 38/56 MP: 5/5
  3179 | D:4      | Identified the +4 ring mail of Supple Strength {Regen+}
  3258 | D:4      | Found a sand-covered staircase.
  3279 | Ossuary  | Entered an ossuary
  3295 | Ossuary  | Reached skill level 6 in Axes
  3301 | Ossuary  | Reached XP level 7. HP: 61/61 MP: 6/6
  3712 | D:4      | Identified a scroll of acquirement
  3712 | D:4      | Acquired the +1 crystal plate armour of the Doomed Wumpus
                  | {Int+3}
  3725 | D:5      | Entered Level 5 of the Dungeon
  4059 | D:5      | Found Kaent's General Store.
  4059 | D:5      | Noticed Edmund
  4067 | D:5      | Killed Edmund
  4086 | D:5      | Noticed Grinder
  4091 | D:5      | Killed Grinder
  4092 | D:5      | Reached skill level 7 in Axes
  4093 | D:5      | Reached XP level 8. HP: 70/70 MP: 7/7
  4188 | D:5      | Found Siddeoxt's Weapon Boutique.
  4193 | D:5      | Found Boipae Xose's Book Emporium.
  4501 | D:6      | Found a shadowy altar of Dithmenos.
  4545 | D:6      | Reached skill level 8 in Axes
  4559 | D:6      | Reached skill level 9 in Axes
  4562 | D:6      | Killed an unseen horror
  4563 | D:6      | Reached XP level 9. HP: 37/79 MP: 8/8
  4716 | D:6      | Found a staircase to the Ecumenical Temple.
  4720 | D:6      | Noticed a seven-headed hydra
  4729 | D:6      | Killed a two-headed hydra
  4730 | D:6      | Reached skill level 10 in Axes
  4856 | Temple   | Entered the Ecumenical Temple
  4861 | Temple   | Became a worshipper of Warmaster Okawaru
  4906 | D:6      | Found a runed translucent door.
  4907 | D:6      | Noticed Crazy Yiuf
  5811 | D:8      | Reached skill level 11 in Axes
  5968 | D:8      | Noticed a two-headed ogre
  5968 | D:8      | Noticed Erica
  5986 | D:8      | Killed a two-headed ogre
  5986 | D:8      | Reached * piety under Okawaru
  5987 | D:8      | Reached XP level 10. HP: 45/90 MP: 9/9
  6054 | D:8      | Killed Erica
  6054 | D:8      | Reached ** piety under Okawaru
  6190 | D:8      | Noticed Psyche
  6462 | D:8      | Killed Psyche
  6633 | D:8      | Reached skill level 12 in Axes
  6748 | D:8      | Noticed Joseph
  6761 | D:8      | Killed Joseph
  7262 | D:9      | Reached *** piety under Okawaru
  7413 | D:9      | Found a staircase to the Lair.
  7542 | D:9      | Found a staircase to the Orcish Mines.
  7684 | D:9      | Noticed Harold
  7696 | D:9      | Killed Harold
  7696 | D:9      | Reached **** piety under Okawaru
  8225 | Lair:1   | Entered Level 1 of the Lair of Beasts
  8286 | Lair:1   | Noticed a black mamba
  8288 | Lair:1   | Reached XP level 11. HP: 99/99 MP: 10/10
  8294 | Lair:1   | Reached skill level 13 in Axes
  8320 | Lair:1   | Reached skill level 10 in Fighting
  8320 | Lair:1   | Reached skill level 10 in Armour
  8327 | Lair:1   | Reached skill level 10 in Shields
  8333 | Lair:1   | Reached ***** piety under Okawaru
  8528 | Lair:1   | Received a gift from Okawaru
  8528 | Lair:1   | Found the +3 hat of Pondering {ponderous, Will+ MP+10
                  | Int+5}
  8781 | Lair:1   | Found a runed translucent gate.
  8783 | Lair:1   | Found a runed translucent gate.
  8783 | Lair:1   | Found a runed translucent gate.
  8785 | Lair:1   | Noticed miket3c's ghost (journeyman HOFi)
  8918 | Lair:1   | Reached skill level 14 in Axes
  9579 | Lair:1   | Killed miket3c's ghost
  9845 | Lair:2   | Noticed a five-headed hydra
  9856 | Lair:2   | Killed a two-headed hydra
  9936 | Lair:2   | Found a hole to the Spider Nest.
  9992 | Lair:2   | Reached XP level 12. HP: 92/110 MP: 11/11
 10051 | Lair:2   | Reached skill level 15 in Axes
 10158 | Lair:2   | Noticed Gastronok
 10173 | Lair:2   | Killed Gastronok
 10173 | Lair:2   | Received a gift from Okawaru
 10173 | Lair:2   | Reached ****** piety under Okawaru
 10577 | Lair:3   | Found a transporter.
 10581 | Lair:3   | Noticed COBRA's ghost (journeyman HOFi)
 10582 | Lair:3   | Found a transporter.
 11123 | Lair:3   | Found a staircase to the Shoals.
 11169 | Lair:3   | Identified the +1 animal skin "Xuit" {*Slow Dex+4} (Okawaru
                  | gifted it to you on level 3 of the Lair of Beasts)
 11169 | Lair:3   | Received a gift from Okawaru
 11237 | Lair:3   | Noticed a six-headed hydra
 11246 | Lair:3   | Killed a one-headed hydra
 11578 | Lair:4   | Reached skill level 16 in Axes
 12086 | Lair:4   | Found a frozen archway.
 12731 | Lair:5   | Noticed Urug
 12749 | Lair:5   | Killed Urug
 12837 | Lair:5   | Identified the +8 rapier "Miosh" {vorpal, Str+3}
 12923 | Lair:5   | Reached XP level 13. HP: 114/119 MP: 12/12
 13235 | Lair:5   | Reached skill level 17 in Axes
 13607 | Lair:5   | Received a gift from Okawaru
 14144 | Lair:6   | Entered Level 6 of the Lair of Beasts
 14271 | Lair:6   | Found a staircase to the Slime Pits.
 14374 | Lair:6   | Reached skill level 18 in Axes
 14405 | Lair:6   | Identified the +1 ring mail "Asmurugg" {rF++ Int+2}
                  | (Okawaru gifted it to you on level 6 of the Lair of Beasts)
 14405 | Lair:6   | Received a gift from Okawaru
 14740 | Lair:6   | Found a viscous altar of Jiyva.
 14750 | Lair:6   | Reached XP level 14. HP: 130/130 MP: 13/13
 15757 | Orc:1    | Entered Level 1 of the Orcish Mines
 15758 | Orc:1    | You fall into a shaft and drop 1 floor!
 15758 | Orc:2    | Entered Level 2 of the Orcish Mines
 15777 | Orc:1    | Reached skill level 19 in Axes
 16043 | Orc:2    | Received a gift from Okawaru
 16129 | Orc:2    | Noticed Rupert
 16178 | Orc:2    | Paralysed by Rupert for 5 turns
 16466 | Orc:2    | Paralysed by Rupert for 5 turns
 16485 | Orc:1    | Killed Rupert
 16783 | Orc:2    | Found a staircase to the Elven Halls.
 16813 | Orc:2    | Found Yhoedir's Armour Shop.
 16869 | Orc:2    | Found Geden's Book Shoppe.
 17037 | Orc:2    | Noticed an orc warlord
 17111 | Orc:2    | Killed an orc warlord
 17123 | Orc:2    | Received a gift from Okawaru
 17520 | Orc:2    | Found Juoxkem's Antique Armour Emporium.
 17522 | Orc:2    | Found Zihah's Antique Weapon Shoppe.
 17541 | Orc:2    | Bought a pair of glowing gloves for 255 gold pieces
 17644 | Orc:2    | Found Jeivok's Jewellery Shop.
 17652 | Orc:2    | Bought a ring of poison resistance for 240 gold pieces
 18130 | D:10     | Entered Level 10 of the Dungeon
 18162 | D:10     | Noticed Maggie
 18180 | D:10     | Identified the amulet of Zepero {Reflect Int+2 SH+5}
 18180 | D:10     | Noticed Grum
 18184 | D:10     | Killed Maggie
 18194 | D:10     | Killed Grum
 18376 | D:10     | Noticed Josephine
 18389 | D:10     | Killed Josephine
 18865 | D:10     | Noticed Erolcha
 18868 | D:10     | Cast into level 1 of the Abyss (Erolcha)
 19045 | Abyss:1  | Noticed a purple very ugly thing
 19060 | Abyss:1  | Killed a purple very ugly thing
 19223 | Abyss:1  | Noticed a balrug
 19452 | Abyss:1  | Noticed a tentacled starspawn
 19464 | Abyss:1  | Noticed a starcursed mass
 19727 | Abyss:1  | Noticed a tentacled starspawn
 19733 | Abyss:1  | Killed a tentacled starspawn
 19745 | D:10     | Escaped the Abyss
 19749 | D:10     | Killed Erolcha
 20979 | D:12     | Found a transporter.
 21112 | D:12     | Found a transporter.
 21158 | D:12     | Received a gift from Okawaru
 21159 | D:12     | Reached skill level 20 in Axes
 21320 | D:12     | Found a portal to a secret trove of treasure.
 21482 | D:12     | Reached XP level 15. HP: 130/139 MP: 14/14
 22287 | D:13     | Reached skill level 15 in Armour
 22294 | D:13     | Reached skill level 15 in Fighting
 22765 | D:13     | Reached skill level 15 in Shields
 22953 | D:13     | Found a gate to the Vaults.
 23688 | D:14     | Received a gift from Okawaru
 23811 | D:14     | Found a white marble altar of Elyvilon.
 24071 | D:14     | Cast into level 2 of the Abyss (a wizard)
 24518 | Abyss:2  | Noticed a tentacled starspawn
 24523 | Abyss:2  | Killed a tentacled starspawn
 24817 | Abyss:2  | Noticed a tentacled starspawn
 24821 | Abyss:2  | Killed a tentacled starspawn
 24827 | Abyss:2  | Gained mutation: Your magical capacity is low. (-10% MP) [a
                  | shining eye]
 24901 | D:14     | Escaped the Abyss
 25194 | D:15     | Entered Level 15 of the Dungeon
 25672 | D:15     | Found a staircase to the Depths.
 25681 | D:15     | Reached skill level 21 in Axes
 26421 | D:15     | Received a gift from Okawaru
 26945 | Shoals:1 | Entered Level 1 of the Shoals
 27296 | Shoals:1 | Noticed a frost giant
 28051 | Lair:3   | Killed a frost giant
 28697 | Shoals:1 | Identified the +1 cloak "Konihy" {MP+9}
 29264 | Shoals:1 | Reached XP level 16. HP: 140/151 MP: 13/13
 29595 | Shoals:2 | Received a gift from Okawaru
 29925 | Shoals:2 | HP: 7/151 [water elemental (7)]
 29926 | Shoals:2 | Slain by a water elemental

Illustrated notes

Levels and vault maps discovered:
D:1:      dpeg_arrival_rooms_a, layout_loops_ring,
          hellmonk_ecumenical_altar_arch_garden
D:2:      layout_rooms, serial_co_window_serial, co_window_paths_a,
          co_window_paths_a, co_window_of_opportunity_a,
          co_window_of_opportunity_a, co_window_of_opportunity_a,
          co_window_corner_cb, co_window_unsneaky_path_d, co_window_corner_cb,
          co_window_unsneaky_path_c, co_window_of_opportunity_b,
          glass_columns_b, glass_columns_a, glass_columns_b
D:3:      kennysheep_six_static_rooms, layout_loops_cross, serial_bayou,
          serial_bayou_pond_e, serial_bayou_shore_a, serial_bayou_shore_b,
          serial_bayou_pond_b, serial_bayou_crossing, eino_curves_02, uniq_robin
D:4:      layout_basic, lightli_ossuary_entry_decrepit_ruins,
          minmay_statues_item, uniq_sigmund
D:5:      layout_basic, serial_shops, shop,
          nicolae_shop_competitors_out_of_business, shop, lemuel_flamethrower_2,
          uniq_edmund, uniq_grinder
D:6:      layout_rooms, nicolae_dithmenos_shadow_blocks,
          minmay_temple_entry_sparse_star, uniq_crazy_yiuf_cottage
D:7:      layout_basic
D:8:      layout_layer_cave, uniq_psyche, uniq_joseph, uniq_erica
D:9:      layout_roguey, erik_lair_orcish_takeover, grunt_ministairs_11,
          uniq_harold
D:10:     layout_basic, fountainhead, minmay_hedge_maze, serial_park_tiny_pond,
          uniq_erolcha, uniq_maggie, uniq_grum, uniq_josephine
D:11:     layout_roguey
D:12:     gammafunk_worm_tunnel, layout_basic, nicolae_trove_entry_crystal,
          gauntlet_entry_generic
D:13:     layout_grid_maze, erik_vaults_2
D:14:     layout_roguey, elyvilon_altar_5
D:15:     gammafunk_depths_entry_grave, layout_cave_pools,
          amcnicky_mini_pool_small, nicolae_underground_beach
Temple:   grunt_wide_crystal_templ
Lair:1:   layout_regular_city, ebering_ghost_rock_garden, minmay_holes,
          infiniplex_staircase_pool_2, serial_bayou_shore_b, grunt_megastairs_5
Lair:2:   layout_cave_shapes, spider_nest_entry_a, minivault_19,
          nicolae_quartered_pool_super, serial_bayou_shore_b, uniq_gastronok
Lair:3:   layout_cave_pods, minmay_shoals_entry_hut, gammafunk_ghost_hive,
          grunt_megastairs_4
Lair:4:   layout_cave_pods, portal_ice_cave_demonic_guard,
          mumra_transporter_accident
Lair:5:   layout_cave_shapes, st_stairs_6, nzn_random_ring, grunt_megastairs_1,
          uniq_urug
Lair:6:   minmay_lair_end_enchanted_forest, layout_loops_ring, slime_altar_1
Shoals:1: layout_shoals, abandoned_shop, st_cyclops
Shoals:2: layout_shoals
Orc:1:    layout_caves
Orc:2:    grunt_orc_community_town_hall, layout_caves,
          grunt_orc_community_big_house_1, grunt_orc_community_big_house_1,
          grunt_orc_community_house_3, grunt_orc_community_house_2,
          grunt_orc_community_house_3, grunt_orc_community_house_1,
          grunt_orc_community_house_1, serial_shops, nicolae_shop_statue_plus,
          basic_altar, uniq_rupert

Skill      XL: |  1  2  3  4  5  6  7  8  9 10 11 12 13 14 15 16 |
---------------+-------------------------------------------------+-----
Axes           | 3 4 5 6 7 9 11 12 14 16 18 20 21 | 21.7
Armour         | 4 5 6 7 8 9 11 12 13 14 16 | 16.1
Shields        | 4 5 6 7 8 9 11 12 13 14 15 16 | 16.0
Fighting       | 4 5 6 7 8 9 11 12 13 14 16 | 16.1

Action                   |  1- 3 |  4- 6 |  7- 9 | 10-12 | 13-15 | 16-18 || total
-------------------------+-------+-------+-------+-------+-------+-------++-------
Melee: War axe           |    79 |   109 |   139 |   510 |   133 |       ||   970
       Headbutt          |    12 |    12 |    33 |   112 |   282 |    12 ||   463
       Broad axe         |       |       |       |       |  1287 |    62 ||  1349
Throw: Dart              |       |       |     4 |     2 |       |       ||     6
       Javelin           |       |       |       |     3 |       |       ||     3
       Throwing net      |       |       |       |       |     3 |       ||     3
Invok: Heroism           |       |       |       |     4 |    10 |     2 ||    16
Evoke: Wand              |       |       |       |     5 |    18 |       ||    23
  Use: Scroll            |       |    11 |     9 |     6 |    16 |     4 ||    46
       Potion            |       |       |       |     1 |     8 |       ||     9
 Stab: Distracted        |       |       |       |       |     1 |       ||     1
       Petrifying        |       |       |       |       |     1 |       ||     1
Armor: Scale mail        |    43 |    61 |     6 |       |       |       ||   110
       Crystal plate arm |       |       |   118 |   262 |   634 |    25 ||  1039
Dodge: Dodged            |    45 |    46 |    27 |    92 |   224 |    11 ||   445
Block: Buckler           |    15 |    23 |    29 |   115 |    92 |       ||   274
       Kite shield       |       |       |       |       |   671 |    67 ||   738
       Reflection        |       |       |       |       |    39 |     6 ||    45
